 Dungeon Crawl Stone Soup version 0.27-a0-978-g2aa4ecdaef (webtiles) character file.

Game seed: 5689526692211068603

54 tardwrangler69 the Digger (level 3, -6/26 HPs)
             Began as a Draconian Earth Elementalist on Apr 14, 2021.
             Mangled by Terence
             ... wielding a +4 mace of holy wrath
              (13 damage)
             ... on level 1 of the Dungeon.
             The game lasted 00:01:52 (1574 turns).

tardwrangler69 the Digger (DrEE)                    Turns: 1574, Time: 00:01:52

Health: -6/26      AC:  5    Str: 10    XL:     3   Next: 66%
Magic:  2/7        EV: 12    Int: 16    God:
Gold:   24         SH:  0    Dex: 11    Spells: 6/7 levels left

rFire    . . .     SeeInvis .   c - +2 mace (protect)
rCold    . . .     Faith    .   (no shield)
rNeg     . . .     Spirit   .   (armour unavailable)
rPois    .         Reflect  .   (helmet restricted)
rElec    .         Harm     .   (no cloak)
rCorr    .         Rampage  .   (no gloves)
Will     .....                  (no boots)
Stlth    ++........             (no amulet)
HPRegen  0.08/turn              (no ring)
MPRegen  0.10/turn              (no ring)

@: brilliant
A: AC +5, unfitting armour, cold-blooded
a: no special abilities


You were on level 1 of the Dungeon.
You visited 1 branch of the dungeon, and saw 2 of its levels.

You collected 24 gold pieces.

Inventory:

Hand Weapons
 c - a +2 mace of protection (weapon)
Missiles
 b - 78 stones


   Skills:
 - Level 1.7 Dodging
 - Level 1.7 Stealth
 + Level 2.6 Spellcasting
 - Level 1.0 Transmutations
 * Level 4.2 Earth Magic


You had 6 spell levels left.
You knew the following spells:

 Your Spells              Type           Power      Damage    Failure   Level
a - Sandblast             Erth           46%        2d11      3%          1

Your spell library contained the following spells:

 Spells                   Type           Power      Damage    Failure   Level
 Passwall                 Tmut/Erth      12%        N/A       10%         2
 Stone Arrow              Conj/Erth      26%        3d8       24%         3
 Petrify                  Tmut/Erth      15%        N/A       54%         4
 Lee's Rapid Deconstruct  Erth           11%        3d9*      67%         5


Dungeon Overview and Level Annotations

Branches:
Dungeon (2/15)

Altars:

Annotations:
D:1 Terence


Innate Abilities, Weirdness & Mutations

Your plain brown scales are hard. (AC +5)
You cannot fit into any form of body armour.
You are cold-blooded and may be slowed by cold attacks.


Message History

The quokka misses you.
Casting: Sandblast (safe; 3% risk of failure)
Confirm with . or Enter, or press ? or * to list all spells.
Aiming: Sandblast (safe; 3% risk of failure)
Press: ? - help, Shift-Dir - straight line, f/p - quokka
Aim: a quokka (severely wounded, 27% to evade)
You feel a surge of power!
The blast of sand hits the quokka!
You kill the quokka!
Casting: Sandblast (safe; 3% risk of failure)
Confirm with . or Enter, or press ? or * to list all spells.
Aiming: Sandblast (safe; 3% risk of failure)
Press: ? - help, Shift-Dir - straight line, f - Terence
Aim: Terence, wielding a +4 mace of holy wrath and wearing a +2 scale mail of poison resistance (17% to evade)
You feel a surge of power!
The blast of sand hits Terence but does no damage.
Terence misses you.
Terence shouts, "Get ready for death!"
Casting: Sandblast (safe; 3% risk of failure)
Confirm with . or Enter, or press ? or * to list all spells.
Aiming: Sandblast (safe; 3% risk of failure)
Press: ? - help, Shift-Dir - straight line, f/p - Terence
Aim: Terence, wielding a +4 mace of holy wrath and wearing a +2 scale mail of poison resistance (17% to evade)
You feel a surge of power!
The blast of sand misses Terence.
Casting: Sandblast (safe; 3% risk of failure)
Confirm with . or Enter, or press ? or * to list all spells.
Aiming: Sandblast (safe; 3% risk of failure)
Press: ? - help, Shift-Dir - straight line, f/p - Terence
Aim: Terence, wielding a +4 mace of holy wrath and wearing a +2 scale mail of poison resistance (17% to evade)
You feel a surge of power!
The blast of sand hits Terence!
Terence is moderately wounded.
Terence closely misses you.
Terence hits you with a +4 mace of holy wrath.
* * * LOW HITPOINT WARNING * * *
There is a stone staircase leading up here.
Terence closely misses you.
You climb upwards.
There is a stone staircase leading down here.
Terence hits you with a +4 mace of holy wrath!
Ouch! That really hurt!
You die...

.....#.###..# ###...........#
#.##.#......# #.#####.##..#
#.##.####...# #.# #.##..#
#.##.# #...# #.# #.##..# #.##.#
#...# #.# #.##..# #.##.# #...#
####.#####.##..#
#.##.####...####..........##..#
#.............................#
#########..##..#@>#..###.###.##
#..##.###@#..# #.# #.#
#......#..#..# #.# #.#
##.###...##..###.###.####
#.########..............
#...........############
#############


You could see Terence.

Vanquished Creatures
  2 adders (D:2)
  2 bats (D:1)
  An endoplasm (D:1)
  2 giant cockroaches
  6 goblins
  4 hobgoblins (D:1)
  4 jackals (D:2)
  2 kobolds
  3 quokkas
  A ball python (D:2)
  2 frilled lizards (D:1)
  3 rats (D:2)
32 creatures vanquished.

Notes
Turn   | Place    | Note
-------+----------+-------------------------------------------
     0 | D:1      | tardwrangler69 the Draconian Earth Elementalist began the
                  | quest for the Orb.
     0 | D:1      | Reached XP level 1. HP: 14/14 MP: 3/3
   589 | D:1      | Reached XP level 2. HP: 20/20 MP: 5/5
  1390 | D:2      | Reached skill level 4 in Earth Magic
  1390 | D:2      | Reached XP level 3. HP: 21/26 MP: 6/6
  1521 | D:2      | Noticed Terence
  1574 | D:1      | Mangled by Terence

Illustrated notes

Levels and vault maps discovered:
D:1:      erik_arrival_orb_chamber, layout_loops_ring
D:2:      layout_basic, basic_ecumenical_altar, uniq_terence

Skill      XL: |  1  2 |
---------------+-------+-----
Earth Magic    | 4 |  4.2
Dodging        | |  1.7
Stealth        | |  1.7
Spellcasting   | |  2.6
Transmutations | |  1.0

Action                   || total
-------------------------++-------
Melee: Dagger            ||    61
       Unarmed           ||    11
       Tailslap          ||    11
       Mace              ||    38
 Cast: Sandblast         ||     8
  Use: Potion            ||     1
 Stab: Sleeping          ||     4
Armor: Skin              ||    65
Dodge: Dodged            ||    96

Table legend: (Time is in decaauts)
 A = Elapsed time spent in this place.
 B = Non-inter-level travel time spent in this place.
 C = Inter-level travel time spent in this place.
 D = Time resting spent in this place.
 E = Time spent auto-exploring this place.
 F = Levels seen in this place.
 G = Mean time per level.
                   A        B        C        D        E       F      G
               +--------+--------+--------+--------+--------+-----+--------+
         Total |   1588 |   1549 |     39 |      0 |   1288 |   2 |  794.0 |
       Dungeon |   1588 |   1549 |     39 |      0 |   1288 |   2 |  794.0 |
               +--------+--------+--------+--------+--------+-----+--------+

Top non-repeatable levels by time:
     D:1: 1356 daAuts
     D:2: 232 daAuts
